 Dungeon Sprint DCSS version 0.22.1-2-g9c5b331 (webtiles) character file.

51684 diana the Warrior (level 14, -11/106 HPs)
             Began as a Gargoyle Monk on Dec 2, 2018.
             Was a High Priest of Makhleb.
             Killed from afar by Lom Lobon (41 damage)
             ... with a great icy blast
             ... in the Dungeon (Sprint IX: "|||||||||||||||||||||||||||||").
             The game lasted 00:19:04 (3438 turns).

diana the Warrior (Gargoyle Monk)                   Turns: 3438, Time: 00:19:05

Health: -11/106    AC: 40    Str: 23    XL:     14   Next: 60%
Magic:  16/26      EV: 17    Int: 14    God:    Makhleb [*****.]
Gold:   53         SH:  0    Dex: 14    Spells: 13/13 levels left

rFire    + + .     SeeInvis .   a - +4 great mace
rCold    . . .     Gourm    .   (shield currently unavailable)
rNeg     + + .     Faith    .   D - +0 shadow dragon scales
rPois    ∞         Spirit   .   u - +0 helmet {Int+3}
rElec    +         Reflect  .   y - +0 cloak
rCorr    .         Harm     .   o - +0 pair of gloves
MR       +....     NoTele   +   b - +1 pair of boots
Stlth    +++.......             (no amulet)
HPRegen  0.27/turn              z - ring of Xom's Indignation {rF+++ AC+3 Str+3 Dex+2}
MPRegen  0.20/turn              p - ring "Nuazoqe" {rF- rN+ Slay+4}

@: flying
A: big wings, negative energy resistance 1, electricity resistance, unbreathing,
petrification resistance, rot immunity, AC +10
a: Stop Flying, Minor Destruction, Lesser Servant of Makhleb, Major Destruction,
Greater Servant of Makhleb, Renounce Religion


You were in the Dungeon.
You worshipped Makhleb.
Makhleb was extremely pleased with you.
You were very hungry.

You visited 1 branch You collected 1922 gold pieces.
You spent 1869 gold pieces at shops.

Inventory:

Hand Weapons
 a - a +4 great mace (weapon)
 n - a +2 dire flail of protection
Missiles
 q - 14 javelins of penetration
 C - 2 throwing nets (quivered)
 E - 15 poisoned javelins
Armour
 b - a +1 pair of boots (worn)
 o - a +0 pair of gloves (worn)
 u - a +0 helmet of intelligence (worn)
 y - a +0 cloak (worn)
 D - +0 shadow dragon scales (worn)
 F - +0 ice dragon scales
Jewellery
 p - the ring "Nuazoqe" (right hand) {rF- rN+ Slay+4}
   (You bought it in a shop in the Dungeon)

   [ring of positive energy]

   It affects your accuracy and damage with ranged weapons and melee attacks
   (+4).
   It makes you vulnerable to fire.
   It protects you from negative energy.
 r - a +2 ring of evasion
 z - the ring of Xom's Indignation (left hand) {rF+++ AC+3 Str+3 Dex+2}
   (You bought it in a shop in the Dungeon)

   [ring of protection]

   It affects your AC (+3).
   It affects your strength (+3).
   It affects your dexterity (+2).
   It renders you almost immune to fire.
Wands
 m - a wand of iceblast (10)
Scrolls
 i - 3 scrolls of blinking
 k - 3 scrolls of remove curse
 l - 2 scrolls of amnesia
 v - 8 scrolls of enchant weapon
 w - a scroll of identify
 x - a scroll of fear
 B - a scroll of fog
Potions
 d - a potion of invisibility
 e - 2 potions of might
 f - 2 potions of haste
 g - 5 potions of magic
 h - 2 potions of berserk rage
 j - 6 potions of curing
 s - a potion of resistance
 t - a potion of heal wounds
 A - a potion of mutation
Comestibles
 c - 12 rations


   Skills:
 + Level 19.4 Fighting
 + Level 18.2 Maces & Flails
 + Level 19.2 Armour
 + Level 15.6 Dodging
 - Level 2.1 Stealth
 - Level 16.5 Invocations


You had 13 spell levels left.
You didn't know any spells.
Your spell library was empty.

Dungeon Overview and Level Annotations

Branches:
Dungeon (1/1)

Altars:
Cheibriados
Dithmenos
Elyvilon
Fedhas
Gozag
Hepliaklqana
Kikubaaqudgha
Makhleb
Nemelex Xobeh
Okawaru
Qazlal
Ru
Sif Muna
Trog
Uskayaw
Vehumet
Wu Jian
Xom
Yredelemnul
Zin
The Shining One
Beogh
Jiyva
Lugonu

Shops:
D =*[!

Annotations:
D Lom Lobon


Innate Abilities, Weirdness & Mutations

You are resistant to torment.
Your stone body is resilient. (AC +10)
You are immune to poison.
Your large and strong wings let you fly indefinitely.
You resist negative energy. (rN+)
You are resistant to electric shocks. (rElec)
You can survive without breathing.
You are immune to petrification.
You are immune to rotting.


Message History

The ball lightning explodes!
The blast of lightning engulfs you! You resist.
The blast of lightning engulfs Lom Lobon.
Lom Lobon completely resists.
Lom Lobon misses you.
You bludgeon Lom Lobon!!
Lom Lobon is moderately wounded.
The ball lightning explodes!
The blast of lightning engulfs Lom Lobon.
Lom Lobon completely resists.
The blast of lightning engulfs you! You resist.
Unknown command.
Press: ? - help, Shift-Dir - straight line, f/p - Lom Lobon
Aim: Lom Lobon (moderately wounded, surrounded by restless winds)
The fireball explodes!
The fireball engulfs Lom Lobon.
Lom Lobon appears unharmed.
Lom Lobon is moderately wounded.
The fireball engulfs you! Lom Lobon gestures at you.
Lom Lobon conjures a mighty blast of ice!
The great icy blast engulfs you!
You die...

.▓.▓.▓.▓.▓.♣.♣.▓.▓
.▓.▓∩▓.▓)▓.♣.♣.▓.▓
.▓.▓.▓.▓.▓.♣.♣.▓)▓
.▓.▓∩▓.▓)▓.♣.♣†▓(▓
†▓.▓)▓.▓)▓.♣†♣.▓)▓
.▓.▓)▓.▓)▓.▓)▓.▓)▓
.▓.▓)▓)▓)▓.▓.▓.▓)▓
.▓.▓)▓.▓(▓.▓†▓)▓)▓
'▓.▓)▓.▓(▓.▓.▓.▓@▓
.▓.▓)▓.▓.▓.▓.▓.▓&▓
.▓.▓.▓.▓.▓.▓)▓.▓)▓
.▓.▓.▓.▓.▓.▓)▓.▓)▓
.▓.▓)▓.▓.▓.▓)▓.▓)▓
.▓.▓)▓.▓(▓.▓†▓.▓'▓
.▓.▓.▓.▓.▓.▓'▓.▓.▓
.▓.▓.▓.▓.▓.▓.▓.▓.▓
.▓.▓.▓.▓.▓.▓.▓.▓.▓


You could see Lom Lobon.

Vanquished Creatures
  A lich (D)
  2 nagarajas (D)
  A vault warden (D)
  A frost giant (D)
  Aizul (D)
  2 very ugly things (D)
  2 ironheart preservers (D)
  A vampire knight (D)
  2 merfolk impalers (D)
  An ettin (D)
  A yaktaur captain (D)
  An ogre mage (D)
  A fire dragon (D)
  Erolcha (D)
  A vault guard (D)
  An ice dragon (D)
  Harold (D)
  2 hydras (D)
  2 centaur warriors (D)
  Erica (D)
  An anaconda (D)
  4 two-headed ogres (D)
  Nergalle (D)
  A deep elf knight (D)
  A shock serpent (D)
  A salamander mystic (D)
  A spriggan druid (D)
  2 unseen horrors (D)
  A glowing orange brain (D)
  A lindwurm (D)
  An ironbrand convoker (D)
  An orc knight (D)
  A harpy (D)
  4 wolf spiders (D)
  A manticore (D)
  A vault sentinel (D)
  A water nymph (D)
  A guardian serpent (shapeshifter) (D)
  A spiny frog (D)
  3 yaktaurs (D)
  A kobold demonologist (D)
  A komodo dragon (D)
  A demonic crawler (D)
  A freezing wraith (D)
  A troll (shapeshifter) (D)
  A troll (D)
  A jumping spider (D)
  A merfolk (D)
  3 tyrant leeches (D)
  2 blink frogs (D)
  A dream sheep (shapeshifter) (D)
  2 hippogriffs (D)
  3 redbacks (D)
  A yak (D)
  A wraith (D)
  A vampire mosquito (D)
  A soldier ant (D)
  4 water moccasins (D)
  4 orc warriors (D)
  A swamp drake (D)
  A phantom (D)
  2 ogres (D)
  A boggart (D)
  A centaur (D)
  A crocodile (D)
  4 bullfrogs (D)
  A crimson imp (D)
  3 orc priests (D)
  4 orc wizards (D)
  A worker ant (D)
  An adder zombie (D)
  5 worms (D)
  A ball lightning (D)
  An adder simulacrum (D)
  A leopard gecko (D)
  8 orcs (D)
  A bat skeleton (D)
  2 bat zombies (D)
  2 goblins (D)
  2 kobolds (D)
  A rat (D)
  A block of ice (D)
132 creatures vanquished.

Vanquished Creatures (collateral kills)
  A fire giant (D)
  A frost giant (D)
  2 ironheart preservers (D)
  A fire dragon (D)
  2 merfolk javelineers (D)
  A hydra (D)
  A naga warrior (D)
  A yaktaur captain (D)
  An alligator (D)
  5 ogre magi (D)
  4 two-headed ogres (D)
  A deep troll earth mage (D)
  An orc high priest (D)
  A shock serpent (D)
  An unseen horror (shapeshifter) (D)
  A deep elf archer (D)
  A swamp dragon (D)
  An orc knight (D)
  A deep elf mage (D)
  2 vault sentinels (D)
  A black mamba (D)
  A guardian serpent (D)
  2 spiny frogs (D)
  2 yaktaurs (D)
  A meliai (D)
  A tengu conjurer (D)
  A snapping turtle (D)
  A wraith (D)
  A water moccasin (D)
  6 orc warriors (D)
  2 ogres (D)
  A bullfrog (D)
  An adder skeleton (D)
  A ball lightning (D)
  2 orcs (D)
54 creatures vanquished.

Vanquished Creatures (others)
  A shadow wraith (D)
  A spatial maelstrom (D)
  20 ball lightnings (D)
22 creatures vanquished.

Grand Total: 208 creatures vanquished

Notes
Turn   | Place    | Note
-------+----------+-------------------------------------------
     0 | D        | diana the Gargoyle Monk began the quest for the Orb.
     0 | D        | Reached XP level 1. HP: 14/14 MP: 1/1
     0 | D        | Banished a spatial maelstrom
    27 | D        | Reached skill level 1 in Armour
   154 | D        | Noticed a worker ant
   160 | D        | Reached XP level 2. HP: 20/20 MP: 2/2
   178 | D        | Reached XP level 3. HP: 6/24 MP: 3/3
   181 | D        | Reached skill level 5 in Maces & Flails
   407 | D        | Found a roughly hewn altar of Beogh.
   407 | D        | Found a snail-covered altar of Cheibriados.
   407 | D        | Found a shadowy altar of Dithmenos.
   407 | D        | Found a white marble altar of Elyvilon.
   407 | D        | Found a blossoming altar of Fedhas.
   407 | D        | Found an opulent altar of Gozag.
   408 | D        | Found a hazy altar of Hepliaklqana.
   409 | D        | Found a viscous altar of Jiyva.
   410 | D        | Found an ancient bone altar of Kikubaaqudgha.
   411 | D        | Found a corrupted altar of Lugonu.
   412 | D        | Found a burning altar of Makhleb.
   413 | D        | Found a sparkling altar of Nemelex Xobeh.
   414 | D        | Found an iron altar of Okawaru.
   415 | D        | Found a stormy altar of Qazlal.
   416 | D        | Found a sacrificial altar of Ru.
   417 | D        | Found a deep blue altar of Sif Muna.
   418 | D        | Found a bloodstained altar of Trog.
   419 | D        | Found a hide-covered altar of Uskayaw.
   420 | D        | Became a worshipper of Makhleb the Destroyer
   420 | D        | Reached * piety under Makhleb
   420 | D        | Reached ** piety under Makhleb
   421 | D        | Found a radiant altar of Vehumet.
   422 | D        | Found an ornate altar of the Wu Jian Council.
   423 | D        | Found a shimmering altar of Xom.
   424 | D        | Found a basalt altar of Yredelemnul.
   425 | D        | Found a glowing silver altar of Zin.
   426 | D        | Found a glowing golden altar of the Shining One.
   470 | D        | Noticed a troll
   470 | D        | Noticed an orc warrior
   470 | D        | Noticed a soldier ant
   470 | D        | Noticed a phantom
   502 | D        | Killed a soldier ant
   502 | D        | Reached skill level 5 in Fighting
   502 | D        | Reached XP level 4. HP: 31/32 MP: 4/4
   502 | D        | Reached XP level 5. HP: 35/36 MP: 5/5
   510 | D        | Killed an orc warrior
   510 | D        | Reached skill level 5 in Armour
   510 | D        | Reached skill level 5 in Dodging
   510 | D        | Reached XP level 6. HP: 33/42 MP: 6/6
   515 | D        | Killed a troll
   515 | D        | Reached XP level 7. HP: 40/48 MP: 7/7
   521 | D        | Reached *** piety under Makhleb
   521 | D        | Reached skill level 10 in Maces & Flails
   538 | D        | Noticed a meliai
   546 | D        | Killed an unseen horror
   546 | D        | Reached XP level 8. HP: 30/56 MP: 8/8
   555 | D        | Killed a meliai
   555 | D        | Reached **** piety under Makhleb
   575 | D        | Killed an unseen horror
   575 | D        | Reached skill level 10 in Fighting
   575 | D        | Reached XP level 9. HP: 22/63 MP: 9/9
   889 | D        | Noticed a komodo dragon
   889 | D        | Noticed a four-headed hydra
   896 | D        | Reached ***** piety under Makhleb
   896 | D        | Reached skill level 1 in Invocations
   902 | D        | Killed a four-headed hydra
   902 | D        | Reached skill level 10 in Armour
   921 | D        | Killed a komodo dragon
   927 | D        | Reached XP level 10. HP: 70/70 MP: 11/13
   934 | D        | Reached ****** piety under Makhleb
   944 | D        | Noticed a spiny frog
   944 | D        | Noticed a four-headed hydra
   960 | D        | Killed a four-headed hydra
   988 | D        | Killed a spiny frog
  1028 | D        | Noticed a lindwurm
  1064 | D        | Killed a lindwurm
  1064 | D        | Reached skill level 10 in Dodging
  1208 | D        | Noticed Harold
  1233 | D        | Killed Harold
  1233 | D        | Reached XP level 11. HP: 78/78 MP: 17/17
  1490 | D        | Noticed an orc high priest
  1492 | D        | Noticed a sixfirhy
  1503 | D        | Killed an orc high priest
  1522 | D        | Noticed an orc knight
  1533 | D        | Killed an orc knight
  1669 | D        | Found Dealucep's Distillery.
  1669 | D        | Noticed a two-headed ogre
  1669 | D        | Noticed a two-headed ogre
  1669 | D        | Noticed a two-headed ogre
  1669 | D        | Noticed a two-headed ogre
  1672 | D        | Killed a two-headed ogre
  1674 | D        | Killed a two-headed ogre
  1674 | D        | Reached skill level 10 in Invocations
  1675 | D        | Killed a two-headed ogre
  1675 | D        | Noticed an ogre mage
  1676 | D        | Killed a two-headed ogre
  1679 | D        | Killed an ogre mage
  1683 | D        | Noticed a two-headed ogre
  1686 | D        | Found Wueniv's Antique Armour Shop.
  1686 | D        | Noticed a two-headed ogre
  1690 | D        | Killed a two-headed ogre
  1692 | D        | Found Zaogahae's Assorted Antiques.
  1698 | D        | Killed a two-headed ogre
  1711 | D        | Found Tilamoca's Jewellery Shop.
  1714 | D        | Bought a potion of berserk rage for 50 gold pieces
  1714 | D        | Bought a potion of curing for 30 gold pieces
  1714 | D        | Bought a potion of heal wounds for 50 gold pieces
  1714 | D        | Noticed a two-headed ogre
  1716 | D        | Noticed a two-headed ogre
  1725 | D        | Killed a two-headed ogre
  1737 | D        | Killed a two-headed ogre
  1751 | D        | Bought a pair of embroidered boots for 195 gold pieces
  1765 | D        | Bought the ring of Xom's Indignation {rF+++ AC+3 Str+3
                  | Dex+2} for 1029 gold pieces
  1842 | D        | Noticed Erica
  1849 | D        | Killed Erica
  1849 | D        | Reached XP level 12. HP: 81/86 MP: 20/20
  1923 | D        | Found the +8 lance "Wyrmbane" {slay drac, rPois rF+ rC+
                  | AC+3}
  1954 | D        | Got the +1 leather armour of New Discoveries {rElec Regen+
                  | Dex-3 SInv}
  2068 | D        | Noticed a centaur warrior
  2071 | D        | Noticed an ogre mage
  2075 | D        | Reached skill level 15 in Fighting
  2083 | D        | Noticed an ogre mage
  2086 | D        | Killed a centaur warrior
  2093 | D        | Killed an ogre mage
  2095 | D        | Reached skill level 15 in Armour
  2097 | D        | Killed an ogre mage
  2106 | D        | Noticed a lich
  2107 | D        | Noticed a fire dragon
  2113 | D        | Noticed a centaur warrior
  2118 | D        | Killed a lich
  2126 | D        | Killed a fire dragon
  2132 | D        | Killed a centaur warrior
  2132 | D        | Reached skill level 15 in Maces & Flails
  2153 | D        | Noticed Erolcha
  2166 | D        | Killed Erolcha
  2183 | D        | Noticed Aizul
  2202 | D        | Killed Aizul
  2290 | D        | Reached XP level 13. HP: 80/95 MP: 23/23
  2536 | D        | Bought the ring "Nuazoqe" {rF- rN+ Slay+4} for 515 gold
                  | pieces
  2778 | D        | Noticed a nagaraja
  2779 | D        | Noticed a nagaraja
  2788 | D        | Killed a nagaraja
  2814 | D        | Killed a nagaraja
  2856 | D        | Noticed a merfolk javelineer
  2856 | D        | Noticed a merfolk impaler
  2856 | D        | Noticed a merfolk javelineer
  2867 | D        | Noticed a merfolk impaler
  2872 | D        | Killed a merfolk javelineer
  2879 | D        | Killed a merfolk javelineer
  2887 | D        | Killed a merfolk impaler
  2890 | D        | Killed a merfolk impaler
  2935 | D        | Reached skill level 15 in Invocations
  3018 | D        | Noticed Nergalle
  3042 | D        | Killed Nergalle
  3102 | D        | Noticed a cyan very ugly thing
  3102 | D        | Noticed an ettin
  3102 | D        | Noticed a fire dragon
  3109 | D        | Killed a fire dragon
  3110 | D        | Noticed a blizzard demon
  3119 | D        | Noticed a yaktaur captain
  3121 | D        | Noticed a cyan very ugly thing
  3130 | D        | Killed a cyan very ugly thing
  3136 | D        | Killed an ettin
  3138 | D        | Noticed an ice dragon
  3149 | D        | Killed a yaktaur captain
  3153 | D        | Killed a cyan very ugly thing
  3160 | D        | Killed an ice dragon
  3160 | D        | Gained mutation: Your large and strong wings let you fly
                  | indefinitely. [Gargoyle growth]
  3160 | D        | Reached XP level 14. HP: 61/104 MP: 25/25
  3183 | D        | Noticed a frost giant
  3186 | D        | Noticed a fire giant
  3196 | D        | Killed a frost giant
  3199 | D        | Killed a fire giant
  3267 | D        | Noticed an ironheart preserver
  3267 | D        | Noticed an ironheart preserver
  3277 | D        | Killed an ironheart preserver
  3278 | D        | Killed an ironheart preserver
  3287 | D        | Noticed a vault warden
  3293 | D        | Killed a vault warden
  3293 | D        | Reached skill level 15 in Dodging
  3295 | D        | Noticed an ironheart preserver
  3300 | D        | Noticed a frost giant
  3310 | D        | Killed an ironheart preserver
  3314 | D        | Noticed an ironheart preserver
  3316 | D        | Killed a frost giant
  3326 | D        | Noticed a vampire knight
  3341 | D        | Killed a vampire knight
  3351 | D        | Killed an ironheart preserver
  3360 | D        | Noticed Lom Lobon
  3367 | D        | Paralysed by an ogre mage for 5 turns
  3396 | D        | Noticed a balrug
  3438 | D        | Killed from afar by Lom Lobon

Skill      XL: |  1  2  3  4  5  6  7  8  9 10 11 12 13 14 |
---------------+-------------------------------------------+-----
Armour         | 1 2 4 5 7 8 9 10 12 14 16 17 19 | 19.2
Fighting       | 4 5 6 7 9 10 11 13 14 16 18 19 | 19.4
Maces & Flails | 4 7 8 9 11 12 14 15 17 18 | 18.2
Dodging        | 3 4 5 6 7 8 10 11 13 14 15 | 15.6
Invocations    | 4 8 11 13 15 16 | 16.5
Stealth        | |  2.1

Action                   |  1- 3 |  4- 6 |  7- 9 | 10-12 | 13-15 || total
-------------------------+-------+-------+-------+-------+-------++-------
Melee: Mace              |    48 |       |       |       |       ||    48
       Dire flail        |    28 |    13 |    68 |   217 |       ||   326
       Great mace        |       |       |       |    96 |   226 ||   322
Invok: Lesser Servant of |       |       |     1 |     2 |       ||     3
       Minor Destruction |       |       |       |     1 |       ||     1
       Major Destruction |       |       |       |     4 |     9 ||    13
       Greater Servant o |       |       |       |     2 |    13 ||    15
 Abil: Fly               |       |       |       |       |     1 ||     1
  Use: Potion            |     4 |       |     1 |       |     6 ||    11
       Scroll            |       |       |       |       |     1 ||     1
 Stab: Sleeping          |     1 |       |       |       |       ||     1
  Eat: Chunk             |       |       |       |     4 |     4 ||     8
Armor: Robe              |    13 |       |       |       |       ||    13
       Ring mail         |    17 |     3 |    41 |    51 |       ||   112
       Shadow dragon sca |       |       |       |    75 |   129 ||   204
Dodge: Dodged            |    46 |     9 |    48 |   167 |   154 ||   424
